 Dungeon Crawl Stone Soup version 0.21-a0-157-gb89e0e2 (webtiles) character file.

1582 Goblin1989 the Ducker (level 8, 0/40 HPs)
             Began as a Spriggan Transmuter on Aug 4, 2017.
             Was an Initiate of Cheibriados.
             Slain by Grum
             ... wielding a +1 glaive
              (25 damage)
             ... on level 8 of the Dungeon.
             The game lasted 00:35:51 (8161 turns).

Goblin1989 the Ducker (Spriggan Transmuter)         Turns: 8161, Time: 00:35:51

Health: 0/40       AC:  4    Str:  8    XL:     8   Next: 60%
Magic:  25/25      EV: 24    Int: 15    God:    Cheibriados [......]
Gold:   108        SH:  0    Dex: 19    Spells: 9/17 levels left

rFire    . . .     SeeInvis +   b - +0 dagger (venom)
rCold    . . .     Gourm    .   (shield restricted)
rNeg     . . .     Faith    .   x - +1 robe {MR+}
rPois    .         Spirit   .   (helmet restricted)
rElec    .         Reflect  .   A - +0 cloak
rCorr    .         Harm     .   (gloves unavailable)
MR       ++...                  (boots unavailable)
Stlth    +++.......             (no amulet)
HPRegen  0.13/turn              C - ring of magical power
MPRegen  0.19/turn              (no ring)

@: no status effects
A: unfitting armour, see invisible, herbivore 3, speed 3, slow metabolism 2
a: Bend Time, Renounce Religion


You were on level 8 of the Dungeon.
You worshipped Cheibriados.
Cheibriados was noncommittal.
You were not hungry.

You visited 2 branches of the dungeon, and saw 9 of its levels.

You collected 367 gold pieces.
You spent 259 gold pieces at shops.

Inventory:

Hand Weapons
 b - a +0 dagger of venom (weapon)
Missiles
 a - 64 arrows
 n - 65 bolts
 s - 57 sling bullets
 t - 121 stones (quivered)
 B - 29 poisoned needles
Armour
 x - a +1 robe of magic resistance (worn)
 A - a +0 cloak (worn)
Jewellery
 C - a ring of magical power (left hand)
 R - the ring of Ceapramn {+Fly rPois rC+ Int-4 Dex+5, unknown}
   (You found it on level 8 of the Dungeon)

   [ring of flight]

   It affects your intelligence (-4).
   It affects your dexterity (+5).
   It protects you from cold.
   It protects you from poison.
   It lets you fly.
 W - an uncursed amulet of faith {!P}
Wands
 E - a wand of disintegration (0/24)
Scrolls
 j - 3 scrolls of enchant armour {unknown}
 k - 4 scrolls of magic mapping
 q - a scroll of enchant weapon {unknown}
 r - 4 scrolls of remove curse {@r2}
 D - 3 scrolls of recharging {unknown}
 F - a scroll of fear {unknown}
 T - 9 scrolls of teleportation {!r, @r3}
 V - a scroll of random uselessness {unknown}
 X - a scroll of vulnerability {unknown}
 Y - a scroll of fog
 Z - a scroll of amnesia
Potions
 d - 2 potions of berserk rage
 h - a potion of heal wounds {unknown}
 i - 4 potions of curing {@q1}
 l - 3 potions of resistance
 m - 2 potions of cancellation
 o - 2 potions of might
 p - a potion of lignification {unknown}
 u - a potion of ambrosia
 v - a potion of agility {unknown}
 z - 4 potions of flight
 G - a potion of mutation {unknown}
 U - a potion of invisibility {unknown}
Books
 c - a book of Changes

   Spells                             Type                      Level
   a - Beastly Appendage              Transmutation                1
   b - Sticks to Snakes               Transmutation                2
   c - Spider Form                    Transmutation/Poison         3
   d - Ice Form                       Ice/Transmutation            4
   e - Blade Hands                    Transmutation                5
 S - a book of Frost

   Spells                             Type                      Level
   a - Freeze                         Ice                          1
   b - Throw Frost                    Conjuration/Ice              2
   c - Ozocubu's Armour               Charms/Ice                   3
   d - Throw Icicle                   Conjuration/Ice              4
   e - Summon Ice Beast               Ice/Summoning                4
Comestibles
 e - 4 bread rations {@e1}
 Q - a royal jelly


   Skills:
 + Level 3.4 Fighting
 - Level 3.1 Short Blades
 + Level 7.6 Dodging
 - Level 4.0 Stealth
 * Level 5.2 Unarmed Combat
 + Level 5.1 Spellcasting
 + Level 5.5 Transmutations


You had 9 spell levels left.
You knew the following spells:

 Your Spells              Type           Power        Failure   Level  Hunger
a - Beastly Appendage     Tmut           ###...       1%          1    None
b - Sticks to Snakes      Tmut           ###.....     2%          2    ##.....
c - Blade Hands           Tmut           ###.......   41%         5    ######.


Dungeon Overview and Level Annotations

Branches:
Dungeon (8/15)             Temple (1/1) D:7
   Lair: D:8-11

Altars:
Cheibriados
Elyvilon

Shops:
D:4 [*:?(   D:6 ?

Annotations:
D:4 exclusion: Eustachio, Blork the orc; Eustachio; Nico3ck's ghost, amateur FoFi
D:8 Grum


Innate Abilities, Weirdness & Mutations

You are very small and have problems with some larger weapons.
You are too small for most types of armour.
You have supernaturally acute eyesight. (SInv)
You are a herbivore.
You cover ground extremely quickly.
You need consume almost no food.


Message History

Your ball python barely misses the adder.
Your ball python grabs the adder.
Your ball python constricts the adder.
The wolf misses you. The adder closely misses your adder.
You hit the wolf but do no damage.
The wolf is almost dead.
The wolf completely misses you.
Your ball python barely misses the adder.
Your ball python bites the adder.
Your ball python constricts the adder.
The adder misses your adder. The wolf bites you!
* * * LOW HITPOINT WARNING * * *
Your ball python bites the adder.
A gnoll comes into view. It is wielding a club.
You take 7 damage, and have 8/40 hp.
You are confused.
You feel invigorated.
Your ball python bites the adder.
Your ball python constricts the adder.
The adder bites your ball python. The wolf completely misses you.
Your ball python barely misses the adder. x2
Your ball python constricts the adder.
A gnoll comes into view. It is wielding a whip.
You regained 3 hp, and now have 11/40 hp.
You regained 4 mp, and now have 24/25 mp.
Are you sure you want to stumble around while confused and next to your adder?
Okay, then.
You're too confused!
Unknown command.
Are you sure you want to stumble around while confused and next to your adder? [Y]es or [N]o only, please.
Are you sure you want to stumble around while confused and next to your adder?
Okay, then.
You kill the wolf!
Cheibriados thoroughly appreciates the change of pace.
Something bites your ball python.
Your ball python dies!
The adder barely misses your ball python.
The wolf misses you.
Your ball python bites the adder.
Your ball python constricts the adder.
The adder barely misses your ball python.
Your adder closely misses the ice beast.
The ice beast misses you.
You regained 3 hp, and now have 14/40 hp.
MP restored: 25 You feel better.
You feel less invigorated.
The sentinel's mark upon you fades away.
The wolf barely misses you.
Your ball python bites the adder.
Your ball python constricts the adder.
The adder dies!
Cheibriados appreciates the change of pace.
Your adder barely misses the ice beast.
The ice beast misses you. The wolf closely misses you.
A yak and an orc wizard come into view.
You regained 9 hp, and now have 23/40 hp.
Really read
T - 10 scrolls of teleportation {!r, @r3}? [Y]es or [N]o only, please.
Really read
T - 10 scrolls of teleportation {!r, @r3}?
As you read the scroll of teleportation {!r, @r3}, it crumbles to dust.
You feel strangely unstable. The wolf misses you.
Your adder misses the wolf.
Your ball python barely misses the wolf.
Your ball python closely misses the wolf.
The wolf bites your adder.
The orc wizard looks braver for a moment.
The orc wizard gestures wildly while chanting.
The orc wizard blinks!
The ice beast barely misses you.
Unknown command.
Okay, then.
Casting: Sticks to Snakes
Confirm with . or Enter, or press ? or * to list all spells.
You fail to create any snakes.
The wolf barely misses you. The wolf misses your adder.
Your adder barely misses the wolf.
Your ball python closely misses the wolf.
Your ball python grabs the wolf.
Your ball python constricts the wolf.
The wolf completely misses you. The wolf bites your adder.
Your adder completely misses the wolf.
The ice beast misses you.
A yak comes into view.
You now have 23/25 mp.
You closely miss the wolf. The wolf completely misses you.
Your ball python barely misses the wolf.
Your ball python constricts the wolf.
The wolf barely misses your adder.
The orc wizard hits your ball python with a dagger.
Your ball python dies!
Your adder bites the wolf.
You hit the wolf but do no damage.
The wolf is poisoned.
The wolf misses you. The wolf completely misses your adder.
The ice beast completely misses you. The wolf completely misses you.
Your adder closely misses the wolf.
The wolf bites your adder.
Your adder dies!
Grum the Hunter comes into view.
He is wielding an enchanted glaive.
The ice beast completely misses you. The wolf completely misses you.
Grum moves out of view.
A hound comes into view.
You see here a warped lead ring.
R - a warped lead ring Your surroundings suddenly seem different.
An adder, a bullfrog, a gnoll and 2 orcs come into view.
A gnoll shaman comes into view. It is wielding a club.
The bullfrog croaks.
MP restored: 25 Grum hits you from afar with an enchanted glaive!!
Ouch! That really hurt!
You die... ██████████

█........<.█
█.████████.██████ █.
█......█
██.█████████████.█
.........█ █.█. .
█.█.█.█.████ █.█. .
██.@........███.█.█.
█████...Yg.█.h...██.█...
).........g.......█g█.h.
█████.....█........o.opo
██.█g██....F..████Yh
█..YS........!.Zh.█
████g.S..o.████████
█..██†█.██ █████.█.█


You could see Grum, 2 yaks, a gnoll shaman, a hound (wandering), 2 gnolls, an
adder and an orc.

Vanquished Creatures
  An orc warrior (D:6)
  An ice beast (D:7)
  A centaur (D:7)
  2 ogres
  A wolf (D:8)
  3 bullfrogs
  2 scorpions
  4 killer bees (D:7)
  A crimson imp (D:8)
  An orc priest (D:4)
  A bullfrog skeleton (D:5)
  A gnoll shaman (D:3)
  2 hounds
  2 iguanas
  2 worker ants
  An orc wizard (D:6)
  A hound zombie (D:5)
  A hound skeleton (D:4)
  4 adders
  3 gnolls (D:3)
  A howler monkey skeleton (D:6)
  An ooze (D:2)
  2 adder zombies
  5 worms
  A dart slug (D:4)
  5 leopard geckos
  15 orcs
  4 bats
  6 giant cockroaches
  8 goblins
  10 hobgoblins
  5 jackals
  7 kobolds
  3 quokkas
  4 ball pythons
  3 frilled lizards
  2 jackal skeletons (D:4)
  A leopard gecko zombie (D:5)
  11 rats
129 creatures vanquished.

Vanquished Creatures (collateral kills)
  2 jellies (D:5)
  A hound (D:5)
  3 adders
6 creatures vanquished.

Grand Total: 135 creatures vanquished

Notes
Turn   | Place    | Note
-------+----------+-------------------------------------------
     0 | D:1      | Goblin1989 the Spriggan Transmuter began the quest for the Orb.
     0 | D:1      | Reached XP level 1. HP: 9/9 MP: 5/5
   132 | D:1      | Reached XP level 2. HP: 13/14 MP: 6/6
   262 | D:1      | Learned a level 2 spell: Sticks to Snakes
   287 | D:1      | Reached skill level 1 in Stealth
   301 | D:1      | Reached skill level 1 in Short Blades
   366 | D:1      | Reached XP level 3. HP: 10/17 MP: 8/8
   871 | D:2      | Reached skill level 1 in Fighting
  1249 | D:2      | Reached skill level 4 in Dodging
  1249 | D:2      | Reached XP level 4. HP: 17/22 MP: 9/9
  1257 | D:2      | HP: 1/22 [goblin/stone (2)]
  1652 | D:2      | You fall through a shaft!
  2276 | D:3      | HP: 1/22 [gnoll/spear (3)]
  2376 | D:4      | Found Xiyb's Magic Scroll Boutique.
  2376 | D:4      | Noticed an ogre
  2666 | D:3      | Reached XP level 5. HP: 6/25 MP: 10/10
  3385 | D:4      | Noticed Blork the orc
  3391 | D:4      | Noticed Nico3ck's ghost (amateur FoFi)
  3394 | D:4      | Found Neimamp's Antique Weapon Shoppe.
  3394 | D:4      | Noticed Eustachio
  3508 | D:4      | Found Wenomut's Antique Armour Shoppe.
  3515 | D:4      | Found Pubbai's Book Boutique.
  3592 | D:4      | Found Wieluip's Assorted Antiques.
  3926 | D:4      | Bought a shiny fluorescent wand for 92 gold pieces
  3926 | D:4      | Bought a scroll labeled ETAUSM DES RUAMA for 23 gold pieces
  3932 | D:4      | Reached skill level 5 in Dodging
  3957 | D:4      | Learned a level 5 spell: Blade Hands
  4040 | D:5      | Entered Level 5 of the Dungeon
  4072 | D:5      | Reached XP level 6. HP: 23/30 MP: 11/11
  5176 | D:5      | Reached XP level 7. HP: 35/35 MP: 13/13
  5379 | D:6      | Found Pameten's Magic Scroll Shop.
  5384 | D:6      | Bought a scroll of magic mapping for 42 gold pieces
  5384 | D:6      | Bought a scroll of fog for 24 gold pieces
  5384 | D:6      | Bought a scroll of identify for 24 gold pieces
  5384 | D:6      | Bought a scroll of amnesia for 42 gold pieces
  5384 | D:6      | Bought a scroll of noise for 12 gold pieces
  6000 | D:6      | Reached skill level 6 in Dodging
  6574 | D:7      | Noticed a troll
  7327 | D:7      | Reached XP level 8. HP: 33/39 MP: 15/15
  7509 | D:7      | Found a staircase to the Ecumenical Temple.
  7520 | Temple   | Entered the Ecumenical Temple
  7527 | Temple   | Became a worshipper of Cheibriados the Contemplative
  7566 | D:7      | Reached skill level 7 in Dodging
  7581 | D:7      | Reached skill level 5 in Transmutations
  7620 | D:7      | HP: 2/40 [poisoned by a killer bee]
  8036 | D:8      | Reached skill level 5 in Unarmed Combat
  8121 | D:8      | Reached skill level 5 in Spellcasting
  8152 | D:8      | Noticed Grum
  8153 | D:8      | Got a warped lead ring
  8161 | D:8      | Slain by Grum

Vault maps used:
D:1:      saegor_arrival_simple_a
D:2:      first_bread
D:4:      cheibrodos_pilgrimage, nicolae_gozag_seed_capital, serial_shops, shop,
          shop, nicolae_shop_stone, kennysheep_little_box, nicolae_shop_stone,
          nrook_loot_triangle, uniq_blork_the_orc, uniq_eustachio
D:5:      grunt_decor_arrowhead
D:6:      serial_shops, shop, hangedman_abyss_or_decor_lesser_grid
D:7:      minmay_temple_entry_poolview
D:8:      grunt_livestock, uniq_grum
Temple:   minmay_crystal_snake_temple

Skill      XL: |  1  2  3  4  5  6  7  8 |
---------------+-------------------------+-----
Stealth        | 1 2 3 4 |  4.0
Short Blades   | 1 2 3 |  3.1
Fighting       | 1 2 3 |  3.4
Dodging        | 4 5 6 7 |  7.6
Unarmed Combat | 3 4 5 |  5.2
Transmutations | 3 4 5 |  5.5
Spellcasting   | 3 4 5 |  5.1

Action                   |  1- 3 |  4- 6 |  7- 9 || total
-------------------------+-------+-------+-------++-------
Melee: Unarmed           |    17 |       |     9 ||    26
       Dagger            |   102 |   265 |   193 ||   560
       Headbutt          |     1 |       |       ||     1
       Punch             |       |     8 |     4 ||    12
Throw: Stone             |       |     3 |       ||     3
 Cast: Beastly Appendage |     2 |       |       ||     2
       Sticks to Snakes  |     3 |     6 |    20 ||    29
       Blade Hands       |       |       |     2 ||     2
Evoke: Wand              |       |     2 |     2 ||     4
  Use: Potion            |     1 |       |     3 ||     4
       Scroll            |       |     2 |     8 ||    10
 Stab: Sleeping          |     6 |    10 |     3 ||    19
       Distracted        |       |     1 |     1 ||     2
  Eat: Royal jelly       |       |     1 |       ||     1
       Fruit             |       |       |     2 ||     2
       Bread ration      |       |       |     1 ||     1
Armor: Robe              |     8 |    21 |    16 ||    45
Dodge: Dodged            |    72 |   221 |   219 ||   512

Vault maps used:
D:1:      saegor_arrival_simple_a
D:2:      first_bread
D:4:      cheibrodos_pilgrimage, nicolae_gozag_seed_capital, serial_shops, shop,
          shop, nicolae_shop_stone, kennysheep_little_box, nicolae_shop_stone,
          nrook_loot_triangle, uniq_blork_the_orc, uniq_eustachio
D:5:      grunt_decor_arrowhead
D:6:      serial_shops, shop, hangedman_abyss_or_decor_lesser_grid
D:7:      minmay_temple_entry_poolview
D:8:      grunt_livestock, uniq_grum
Temple:   minmay_crystal_snake_temple
